 Dungeon Crawl Stone Soup version 0.31-a0-1321-g5021b54cb2 (webtiles) character file.

Game seed: 3975127939515088730

226 Sonofthefire the Trooper (level 6, -2/46 HPs)
             Began as an Octopode Shapeshifter on Dec 20, 2023.
             Slain by an orc wizard
             ... wielding a +0 dagger
              (4 damage)
             ... on level 3 of the Dungeon.
             The game lasted 00:02:05 (1338 turns).

Sonofthefire the Trooper (Octopode Shapeshifter)    Turns: 1338, Time: 00:02:06

Health: -2/46      AC:  1    Str: 15    XL:     6   Next: 1%
Magic:  6/6        EV: 13    Int: 12    God:
Gold:   55         SH:  0    Dex: 12    Spells: 5/5 levels left

rFire   . .          .
                       - Unarmed
rCold   . . .        (no shield)
rNeg    . . .        (helmet currently unavailable)
rPois   .            (no amulet)
rElec   .            (no ring)
rCorr   .            (no ring)
SInv    .            (no ring)
Will    .....        (no ring)
Stlth   ++           (no ring)
HPRegen 0.27/turn    (no ring)
MPRegen 0.10/turn    (no ring)
                     (no ring)

%: no passive effects
@: beast-form, attractive
A: beast (slay +1), almost no armour, amphibious, 8 rings, camouflage 1,
gelatinous body 1, (nimble swimmer 1), tentacles
a: Begin Untransformation


You were on level 3 of the Dungeon.
You were a hulking beast.
You visited 1 branch of the dungeon, and saw 4 of its levels.

You collected 55 gold pieces.

Inventory:

Missiles
 f - 3 poisoned darts
Jewellery
 h - a +6 ring of intelligence
Talismans
 b - a beast talisman
 c - a flux talisman
Scrolls
 a - a scroll of fear {unknown}
 e - a scroll of teleportation {unknown}
 g - a scroll of poison {unknown}
 i - a scroll of noise {unknown}
 k - a scroll of silence {unknown}
Potions
 d - a potion of attraction


   Skills:
 + Level 5.7 Fighting
 - Level 2.0 Dodging
 - Level 3.0 Unarmed Combat
 - Level 3.0 Shapeshifting


You had 5 spell levels left.
You didn't know any spells.
Your spell library contained the following spells:

 Spells                   Type           Power      Damage    Failure   Level
 Ensorcelled Hibernation  Hex/Ice        0%         N/A       45%         2
 Passwall                 Alch/Erth      0%         N/A       45%         2
 Swiftness                Air            0%         N/A       69%         3


Dungeon Overview and Level Annotations

Branches:
Dungeon (4/15)
 Temple: D:4-7

Altars:
Hepliaklqana


Innate Abilities, Weirdness & Mutations

You are a hulking beast.
Your limbs bulge with bestial killing power. (Slay +1)
You cannot wear most types of armour.
You are amphibious.
You can wear up to eight rings at the same time.
Your skin changes colour to match your surroundings (Stealth+).
Your rubbery body absorbs attacks. (AC +1, EV +1)
((You are camouflaged when in or above water. (Stealth+)))
You have tentacles for arms and can constrict up to eight enemies at once.


Message History

The orc priest is severely wounded.
You constrict the orc priest.
The orc priest mumbles some strange prayers to Beogh against you.
Beogh smites you!
You tentacle-slap the orc priest but do no damage.
The orc priest is almost dead.
You constrict the orc priest.
You kill the orc priest!
You have reached level 6!
You barely miss the orc. You grab the orc. Your squeeze misses the orc.
You constrict the orc. The orc closely misses you.
You release your grip on the orc.
The orc closely misses you.
You see here a +0 club.
You tentacle-slap the orc but do no damage.
You grab the orc.
The orc is lightly wounded.
You constrict the orc. The orc barely misses you.
You tentacle-slap the orc.
The orc is almost dead.
You constrict the orc.
You kill the orc!
Something hits you.
You tentacle-slap something. Your squeeze misses something. Something hits you.
You miss something. Your squeeze misses something. Something hits you.
* * * LOW HITPOINT WARNING * * *
It was a potion of attraction.
You feel attractive to monsters. Something hits you.
* * * LOW HITPOINT WARNING * * *
It was a potion of curing.
You feel better. Something barely misses you.
You barely miss something. Your squeeze misses something.
You hear some strange, mumbled words.
A magic dart appears from out of thin air!
The magic dart hits you!
* * * LOW HITPOINT WARNING * * *
You closely miss something. Your squeeze misses something. Something hits you.
* * * LOW HITPOINT WARNING * * *
You tentacle-slap something.
Your tentacle-slap misses something.
You squeeze something! Something hits you.
You die...

#.........##
#...#...#..# #.
#........... #.#
#..........⌠ #.#
#.....o....$ #.#
#..#...#..# #.#
#..oo....# #.#
#.#########..#
#.#####..oo{h......#
#####......)#o########.#
.......#####.## ######.#
### #.# #.# #.# #.# #<#


You could see 3 orcs.

Vanquished Creatures
  An ice beast (D:4)
  A howler monkey (D:3)
  An orc priest (D:3)
  A jelly (D:4)
  An adder (D:3)
  A dart slug (D:3)
  3 orcs (D:3)
  2 bats (D:1)
  4 endoplasms (D:1)
  A giant cockroach (D:1)
  A goblin (D:1)
  A hobgoblin (D:4)
  7 ball pythons
  A kobold (D:1)
  3 rats (D:1)
29 creatures vanquished.

Notes
Turn   | Place    | Note
-------+----------+-------------------------------------------
     0 | D:1      | Sonofthefire the Octopode Shapeshifter began the quest for
                  | the Orb.
     0 | D:1      | Reached XP level 1. HP: 13/13 MP: 1/1
   333 | D:1      | Reached skill level 2 in Fighting
   333 | D:1      | Reached XP level 2. HP: 13/19 MP: 2/2
   394 | D:1      | Found a faded altar of an unknown god.
   995 | D:2      | You fall into a shaft and drop 2 floors!
  1000 | D:4      | Noticed an ice beast
  1014 | D:4      | Killed an ice beast
  1015 | D:4      | Reached skill level 4 in Fighting
  1015 | D:4      | Reached XP level 3. HP: 26/27 MP: 3/3
  1015 | D:4      | Reached XP level 4. HP: 33/34 MP: 4/4
  1017 | D:4      | Reached XP level 5. HP: 35/38 MP: 5/5
  1155 | D:3      | Reached skill level 5 in Fighting
  1212 | D:3      | Found a hazy altar of Hepliaklqana.
  1325 | D:3      | Reached XP level 6. HP: 18/46 MP: 6/6
  1337 | D:3      | HP: 2/46 [something (2)]
  1338 | D:3      | Slain by an orc wizard

Illustrated notes

Levels and vault maps discovered:
D:1:      dpeg_arrival_erosion, layout_loops_ring,
          shapermc_ecumenical_altar_hornbeckon
D:2:      minmay_alternating_diamond, layout_loops_ring, basic_altar
D:3:      cheibrodos_pilgrimage, layout_loops_ring, lemuel_crystal_altar,
          zin_angel, minmay_checkerbox
D:4:      layout_gridville, grunt_temple_overflow_growth_and_decay,
          mainiacjoe_overflow_24_doors

Skill      XL: |  1  2  3  4  5 |
---------------+----------------+-----
Fighting       | 2 4 5 |  5.7
Dodging        | |  2.0
Unarmed Combat | |  3.0
Shapeshifting  | |  3.0

Action                     |  1- 3 |  4- 6 || total
---------------------------+-------+-------++-------
  Melee: Unarmed           |    43 |    36 ||    79
         Constrict         |     5 |     8 ||    13
         Punch             |     1 |       ||     1
         Tentacles         |     4 |     6 ||    10
    Use: Potion            |     1 |     2 ||     3
   Stab: Sleeping          |     3 |       ||     3
 Armour: Skin              |    19 |    20 ||    39
  Dodge: Dodged            |    22 |    16 ||    38

Table legend: (Time is in decaauts)
 A = Elapsed time spent in this place.
 B = Non-inter-level travel time spent in this place.
 C = Inter-level travel time spent in this place.
 D = Time resting spent in this place.
 E = Time spent auto-exploring this place.
 F = Levels seen in this place.
 G = Mean time per level.
                   A        B        C        D        E       F      G
               +--------+--------+--------+--------+--------+-----+--------+
         Total |   1333 |   1283 |     50 |    304 |    760 |   4 |  333.2 |
       Dungeon |   1333 |   1283 |     50 |    304 |    760 |   4 |  333.2 |
               +--------+--------+--------+--------+--------+-----+--------+

Top non-repeatable levels by time:
     D:1: 990 daAuts
     D:3: 188 daAuts
     D:4: 152 daAuts
     D:2: 2 daAuts
